 Dungeon Crawl Stone Soup version 0.21.1-1-g345015fe64 (webtiles) character file.

350 LilDood the Ruffian (level 6, -11/94 HPs)
             Began as a Troll Berserker on June 23, 2018.
             Was a Priest of Trog.
             Mangled by Prince Ribbit (17 damage)
             ... on level 5 of the Dungeon.
             The game lasted 00:17:04 (2947 turns).

LilDood the Ruffian (Troll Berserker)               Turns: 2947, Time: 00:17:04

Health: -11/94     AC:  5    Str: 32    XL:     6   Next: 33%
Magic:  5/5        EV: 10    Int:  4    God:    Trog [***...]
Gold:   184        SH:  0    Dex:  9    Spells: 5/5 levels left

rFire    . . .     SeeInvis .     - Unarmed
rCold    . . .     Gourm    +   (no shield)
rNeg     . . .     Faith    +   a - +0 animal skin
rPois    .         Spirit   .   (helmet restricted)
rElec    .         Reflect  .   (no cloak)
rCorr    .         Harm     .   (gloves unavailable)
MR       ++...                  (boots unavailable)
Stlth    ..........             i - amulet of faith
HPRegen  1.65/turn              (no ring)
MPRegen  0.09/turn              (no ring)

@: berserking, regenerating, very quick
A: large, unfitting armour, claws 3, fast metabolism 3, gourmand, regeneration
1, shaggy fur 1, tough skin 2
a: Berserk, Trog's Hand, Burn Spellbooks, Renounce Religion


You were on level 5 of the Dungeon.
You worshipped Trog.
Trog was most pleased with you.
You were near starving.

You visited 1 branch of the dungeon, and saw 5 of its levels.

You collected 184 gold pieces.

Inventory:

Armour
 a - a +0 animal skin (worn)
 e - a +0 ring mail
Jewellery
 f - a +4 ring of dexterity {unknown}
 i - an amulet of faith (around neck)
Wands
 j - a wand of enslavement (15)
 r - a wand of iceblast (10)
Scrolls
 c - 5 scrolls of identify
 k - 2 scrolls of enchant armour {unknown}
 m - a scroll of remove curse
 n - a scroll of teleportation {unknown}
 o - a scroll of immolation {unknown}
 q - a scroll of amnesia {unknown}
 s - 3 scrolls of magic mapping {unknown}
Potions
 d - a potion of lignification {unknown}
 g - 2 potions of curing {unknown}
 h - 2 potions of brilliance {unknown}
 l - a potion of ambrosia {unknown}
Books
 p - a book of Misfortune

   Spells                             Type                      Level
   a - Confusing Touch                Hexes                        1
   b - Confuse                        Hexes                        3
   c - Gell's Gravitas                Translocation                3
   d - Petrify                        Transmutation/Earth          4
   e - Metabolic Englaciation         Hexes/Ice                    5
   f - Yara's Violent Unravelling     Hexes/Transmutation          5
   Trog disapproves of the use of such an item.
Comestibles
 b - 6 rations


   Skills:
 + Level 4.5 Fighting
 - Level 2.5 Dodging
 + Level 5.4 Unarmed Combat


You had 5 spell levels left.
You didn't know any spells.

Dungeon Overview and Level Annotations

Branches:
Dungeon (5/15)
 Temple: D:4-7

Altars:
The Shining One

Annotations:
D:3 gorpus's ghost, amateur OpWz
D:5 Prince Ribbit


Innate Abilities, Weirdness & Mutations

You are too large for most types of armour.
You have claws for hands.
Your metabolism is lightning-fast.
You like to eat raw meat.
Your natural rate of healing is unusually fast.
You are covered in fur. (AC +1)
You have very tough skin. (AC +2)


Message History

You are feeling very hungry.
Prince Ribbit hits you!
A red film seems to cover your vision as you go berserk!
You feel yourself moving faster!
You feel mighty!
You are near starving!
Prince Ribbit barely misses you. Prince Ribbit hits you!
* * * LOW HITPOINT WARNING * * *
You closely miss Prince Ribbit.
Prince Ribbit is moderately wounded.
Prince Ribbit hits you!
* * * LOW HITPOINT WARNING * * *
You miss Prince Ribbit.
Prince Ribbit is moderately wounded.
Prince Ribbit closely misses you.
You closely miss Prince Ribbit. Your claw misses Prince Ribbit.
Prince Ribbit is moderately wounded.
You claw Prince Ribbit! Your claw misses Prince Ribbit.
Prince Ribbit is severely wounded.
Prince Ribbit hits you!
You die...

......................###
........................
.......................#
.......................###
..........................
..........................
.......................###
.......................#
........F@.............#
.......................#
.......................#
.......................#
.......................#
.........................
#.######.####.#######..##.
.. .... ..... ..#
.##.####... ....


You could see Prince Ribbit.

Vanquished Creatures
  A scorpion (D:5)
  A bullfrog skeleton (D:4)
  An orc priest (D:3)
  3 orc wizards (D:3)
  A worker ant (D:4)
  3 adders
  An ooze (D:2)
  4 worms (D:2)
  2 dart slugs (D:3)
  5 leopard geckos
  6 orcs (D:3)
  2 ball pythons (D:2)
  5 giant cockroaches
  11 goblins
  9 hobgoblins
  5 kobolds
  4 quokkas
  8 bats
  4 frilled lizards
  A jackal skeleton (D:4)
  A leopard gecko skeleton (D:4)
  A quokka skeleton (D:4)
  6 rats
85 creatures vanquished.

Notes
Turn   | Place    | Note
-------+----------+-------------------------------------------
     0 | D:1      | LilDood the Troll Berserker began the quest for the Orb.
     0 | D:1      | Reached XP level 1. HP: 22/22 MP: 0/0
    73 | D:1      | Reached XP level 2. HP: 29/29 MP: 1/1
   405 | D:1      | Reached XP level 3. HP: 36/36 MP: 2/2
   821 | D:2      | Reached ** piety under Trog
   998 | D:2      | Reached skill level 4 in Unarmed Combat
  1063 | D:2      | Reached XP level 4. HP: 45/45 MP: 3/3
  1302 | D:3      | Noticed gorpus's ghost (amateur OpWz)
  1484 | D:3      | Found a glowing golden altar of the Shining One.
  1578 | D:3      | Reached XP level 5. HP: 54/54 MP: 4/4
  1817 | D:3      | Reached *** piety under Trog
  1842 | D:3      | Reached skill level 5 in Unarmed Combat
  1952 | D:4      | Noticed a two-headed ogre
  2565 | D:4      | Reached XP level 6. HP: 59/62 MP: 5/5
  2854 | D:5      | Entered Level 5 of the Dungeon
  2892 | D:5      | Noticed Prince Ribbit
  2944 | D:5      | HP: 3/94 [Prince Ribbit (14)]
  2947 | D:5      | Mangled by Prince Ribbit

Skill      XL: |  1  2  3  4  5 |
---------------+----------------+-----
Fighting       | 3 4 |  4.5
Unarmed Combat | 4 5 |  5.4
Dodging        | |  2.5

Action                   |  1- 3 |  4- 6 || total
-------------------------+-------+-------++-------
Melee: Unarmed           |    91 |   119 ||   210
       Punch             |     1 |     3 ||     4
Invok: Berserk           |     1 |     4 ||     5
       Trog's Hand       |       |     1 ||     1
  Use: Scroll            |       |     2 ||     2
  Eat: Chunk             |    12 |    12 ||    24
       Ration            |       |     1 ||     1
Armor: Animal skin       |    26 |    28 ||    54
Dodge: Dodged            |    38 |    66 ||   104
